 Dungeon Sprint DCSS version 0.03.2.1-42-g860841ac0a (webtiles) character file.

Game seed: 8066829016986270076, levelgen mode: deterministic

1980 esc the Crack Shot (level 9, -4/79 HPs) Centaur Hunter. Began on Jan 25, 2021. Was an Initiate of Gozag Ym Sagoz. Killed from afar by a smoke demon (14 damage) ... with a ball of steam ... summoned by a kobold demonologist ... in the Dungeon (Sprint I: "Red Sonja"). The game lasted 00:04:59 (761 turns).

esc the Crack Shot (Centaur Hunter)                  Turns: 761, Time: 00:05:02

Health: -4/79      AC:  5    Str: 15    XL:     9 ^: 2699
Magic:  9/9        EV:  9    Int: 10    God:    Gozag Ym Sagoz
Gold:   801        SH:  0    Dex: 13    Spells: 8/8 levels left

rFire    . . .     Vision   +   a - +1 shortbow
rCold    . . .     Gourm    .   (also wielding the above weapon)
rNeg     . . .     Faith    .   c - +0 leather armour
rPois    .         Spirit   .   o - +0 helmet {+Vis}
rElec    .         Reflect  .   (no cloak)
rCorr    .         Harm     .   (no gloves)
MR       .....     NoTele   +   (no barding)
Stlth    +.........             (no amulet)
HPRegen  0.36/turn              (no ring)
MPRegen  0.19/turn              (no ring)

@: gold aura, very slightly contaminated, hasted, very quick
A: large, hooves 3, deformed body, speed 2, tough skin 3
a: Potion Petition, Call Merchant, Bribe Branch, Renounce Religion


You were in the Dungeon.
You worshipped Gozag Ym Sagoz.
Gozag Ym Sagoz was pleased with you.
You were not hungry.

You visited 1 branch You collected 1141 gold pieces.
You spent 340 gold pieces at shops.

Inventory:

Weapons
 a - a +1 shortbow (weapon)
 b - a +0 short sword
Armour
 c - a +0 leather armour (worn)
 o - a +0 helmet of improved vision (worn)
Wands
 k - a wand of ensnaring (1)
Scrolls
 l - 2 scrolls of enchantment
 m - a scroll of fear
 n - a scroll of summoning
Potions
 e - 3 potions of curing
 g - a potion of haste
 h - 2 potions of magic
 i - a potion of berserk rage
Comestibles
 d - a ration


   Skills:
 + Level 7.5 Fighting
 + Level 22.1 Bows
 - Level 1.3 Dodging
 - Level 0.4 Stealth


You had 8 spell levels left.
You didn't know any spells.
Your spell library was empty.

Dungeon Overview and Level Annotations

Branches:
Dungeon (1/1)

Altars:
Cheibriados
Dithmenos
Elyvilon
Fedhas Madash
Gozag Ym Sagoz
Hepliaklqana
Kikubaaqudgha
Makhleb
Nemelex Xobeh
Okawaru
Qazlal
Ru
Sif Muna
Trog
Uskayaw
Vehumet
Wu Jian
Xom
Yredelemnul
Zin
The Shining One
Jiyva
Lugonu

Shops:
D *[


Innate Abilities, Weirdness & Mutations

You have hooves in place of feet.
Armour fits poorly on your strangely shaped body.
You cover ground very quickly.
You have extremely tough skin. (AC +3)


Message History

Aim: a kobold demonologist, wielding a +0 dagger and wearing a +0 robe (almost dead (5/41))
You shoot an arrow. The ufetubus blocks the arrow.
Aiming:
a - a +1 shortbow, Range: 6 (100%)
Press: ? - help, Shift-Dir - straight line, f/p - kobold demonologist
Aim: a kobold demonologist, wielding a +0 dagger and wearing a +0 robe (almost dead (5/41))
You shoot an arrow.
The arrow hits the kobold demonologist (10)!
You kill the kobold demonologist!
The iron imp disappears in a puff of smoke!
The ufetubus disappears in a puff of smoke!
Your Fighting skill increases to level 7!
Your Bows skill increases to level 22!
You have reached level 9!
Your experience leads to an increase in your attributes!
Increase (S)trength, (I)ntelligence, or (D)exterity?
You feel agile. The smoke demon gestures at you.
The ball of steam hits you (14)!
You die...
Your body crumbles into a pile of gold.

##########################
#<.#..'..#..'..#§_#$.$54.#
#..'..#..'[.#@§§^.'.§#5K.#
$ #..#####'#####'#__#3##
..+ $ #..####..#...#.####$
## $ #.)#__####..##.# $$
#..#_____##'#_.+
#⌠⌠#_.∩...'[.._# $$
####_..__##_.#'##+###
$$#_____###'#?#.?[.### $
#########.####'###.## $


There were no monsters in sight!

Vanquished Creatures
  Sonja (D)
  A deep troll (D)
  A kobold demonologist (D)
  Sigmund (D)
  A yak (D)
  A slime creature (D)
  A floating eye (D)
  An ogre (D)
  Ijyb (D)
  A jelly (D)
  3 ballistomycetes (D)
13 creatures vanquished.

Vanquished Creatures (others)
  A gargoyle (D)
  2 ballistomycete spores (D)
3 creatures vanquished.

Grand Total: 16 creatures vanquished

Notes
Turn   | Place    | Note
-------+----------+-------------------------------------------
     0 | D        | esc the Centaur Hunter began the quest for the Orb.
     0 | D        | Reached XP level 1. HP: 17/17 MP: 1/1
     1 | D        | Noticed Ijyb
     9 | D        | Killed Ijyb
     9 | D        | Reached skill level 11 in Bows
     9 | D        | Reached XP level 2. HP: 24/24 MP: 2/2
     9 | D        | Reached XP level 3. HP: 29/29 MP: 3/3
     9 | D        | Reached XP level 4. HP: 36/36 MP: 4/4
    25 | D        | Noticed an ogre
    41 | D        | Killed an ogre
    41 | D        | Reached skill level 14 in Bows
    41 | D        | Reached XP level 5. HP: 41/41 MP: 5/5
    60 | D        | Noticed Sigmund
    64 | D        | Killed Sigmund
    64 | D        | Reached skill level 16 in Bows
    64 | D        | Reached XP level 6. HP: 48/48 MP: 6/6
    80 | D        | Found an ornate altar of the Wu Jian Council.
    80 | D        | Found a shimmering blue altar of Sif Muna.
    83 | D        | Found a radiant altar of Vehumet.
   109 | D        | Found Fiosusix's Assorted Antiques.
   109 | D        | Found an ancient bone altar of Kikubaaqudgha.
   109 | D        | Found a hazy altar of Hepliaklqana.
   109 | D        | Found a stormy altar of Qazlal.
   109 | D        | Found a hide-covered altar of Uskayaw.
   109 | D        | Found a blossoming altar of Fedhas.
   109 | D        | Found a bloodstained altar of Trog.
   109 | D        | Found an iron altar of Okawaru.
   109 | D        | Found a basalt altar of Yredelemnul.
   109 | D        | Found a glowing golden altar of the Shining One.
   109 | D        | Found a snail-covered altar of Cheibriados.
   109 | D        | Found a sacrificial altar of Ru.
   109 | D        | Found a glowing silver altar of Zin.
   109 | D        | Found a shadowy altar of Dithmenos.
   109 | D        | Found a white marble altar of Elyvilon.
   109 | D        | Noticed a yak
   127 | D        | Killed a yak
   127 | D        | Reached skill level 18 in Bows
   142 | D        | Found an opulent altar of Gozag.
   143 | D        | Found a sparkling altar of Nemelex Xobeh.
   147 | D        | Became a worshipper of Gozag Ym Sagoz the Greedy
   150 | D        | Bought a translucent hat for 225 gold pieces
   150 | D        | Identified the +1 hat "Vakkuil" {Regen+ rCorr Dex-2} (You
                  | bought it in a shop in the Dungeon)
   172 | D        | Identified the cursed amulet of Siepn {Faith rC+ MR+ Str+3,
                  | (Curse: Fragile)}
   172 | D        | Noticed Sonja
   175 | D        | Killed Sonja
   175 | D        | Reached skill level 20 in Bows
   175 | D        | Reached XP level 7. HP: 45/55 MP: 7/7
   175 | D        | Reached XP level 8. HP: 50/61 MP: 8/8
   401 | D        | Noticed a deep troll
   456 | D        | Killed a deep troll
   456 | D        | Reached skill level 5 in Fighting
   456 | D        | Reached skill level 21 in Bows
   487 | D        | Found Usuoffia's Armour Emporium.
   493 | D        | Bought a +0 helmet of improved vision for 115 gold pieces
   652 | D        | Found a burning altar of Makhleb.
   652 | D        | Found a viscous altar of Jiyva.
   652 | D        | Found a shimmering altar of Xom.
   652 | D        | Found a corrupted altar of Lugonu.
   702 | D        | Killed a gargoyle
   724 | D        | Noticed a kobold demonologist
   724 | D        | Noticed a kobold demonologist
   733 | D        | Noticed a smoke demon
   735 | D        | Noticed a red devil
   744 | D        | Noticed a rust devil
   754 | D        | Noticed an ice devil
   757 | D        | HP: 3/71 [iron imp[a kobold demonologist] (3)]
   761 | D        | Killed a kobold demonologist
   761 | D        | Reached skill level 22 in Bows
   761 | D        | Reached XP level 9. HP: 10/79 MP: 9/9
   761 | D        | Killed from afar by a smoke demon

Levels and vault maps discovered:
D:        dungeon_sprint_1 [red_sonja_temple_1, red_sonja_temple_small_1]

Skill      XL: |  1  2  3  4  5  6  7  8 |
---------------+-------------------------+-----
Bows           | 11 14 16 20 22 | 22.1
Fighting       | 7 |  7.5
Dodging        | |  1.3
Stealth        | |  0.4

Action                   |  1- 3 |  4- 6 |  7- 9 || total
-------------------------+-------+-------+-------++-------
 Fire: Shortbow          |     4 |    19 |    66 ||    89
  Use: Potion            |       |       |     3 ||     3
       Scroll            |       |       |     1 ||     1
Armor: Leather armour    |       |       |    31 ||    31
Dodge: Dodged            |     1 |     3 |    17 ||    21
